Map: New Gettysburg LE

Players

Fropez

  • Race: Protoss Protoss
  • League: Gold
  • Spawn Location: 5:00

shankpotamus - Winner!

  • Race: Terran Terran
  • League: Gold
  • Spawn Location: 7:00

VOD

Have the link to the VOD?

Description

Time

  • Played on: Nov. 10, 2016, 1:14 p.m.
  • Length: 62:08
Show
View Real Time Build Order
Export as new Build Order

Fropez Protoss 

Build Orders:  

Get SALT Encoding   

  12  0:02  Probe (Chrono Boost)  
  13  0:15  Pylon  
  13  0:18  Probe (Chrono Boost)  
  14  0:29  Probe (Chrono Boost)  
  14  0:35  Gateway  
  15  0:39  Probe (Chrono Boost)  
  16  0:45  Assimilator  
  16  0:53  Probe (Chrono Boost)  
  17  1:03  Probe (Chrono Boost), Gateway  
  18  1:14  Probe (Chrono Boost)  
  19  1:23  Assimilator  
  19  1:28  Probe (Chrono Boost)  
  20  1:39  Probe (Chrono Boost)  
  21  1:49  Probe (Chrono Boost)  
  21  1:51  Nexus  
  22  1:59  Pylon  
  22  2:10  Cybernetics Core  
  22  2:12  Probe (Chrono Boost)  
  23  2:22  Probe (Chrono Boost)  
  24  2:36  Probe (Chrono Boost)  
  25  2:47  Stalker x2  
  25  2:50  Warp Gate (Chrono Boost), Mothership Core (Chrono Boost)  
  31  3:05  Pylon, Probe (Chrono Boost)  
  32  3:16  Pylon, Probe (Chrono Boost)  
  32  3:19  Probe (Chrono Boost)  
  34  3:25  Stalker  
  34  3:26  Stalker  
  39  3:27  Probe (Chrono Boost)  
  38  3:36  Pylon  
  38  3:47  Probe  
  38  3:48  Probe  
  39  3:51  Twilight Council  
  40  3:57  Adept  
  40  3:58  Adept  
  44  4:04  Probe  
  44  4:06  Probe  
  46  4:15  Probe  
  46  4:16  Gateway  
  47  4:18  Assimilator  
  47  4:24  Probe  
  47  4:26  Forge  
  47  4:30  Probe  
  48  4:35  Adept  
  48  4:36  Adept  
  53  4:41  Probe  
  53  4:42  Probe  
  55  4:51  Probe  
  55  4:58  Pylon  
  56  5:03  Protoss Ground Weapons Level 1 (Chrono Boost)  
  56  5:08  Probe  
  56  5:09  Probe  
  58  5:14  Assimilator, Photon Cannon  
  58  5:18  Photon Cannon  
  58  5:19  Blink (Chrono Boost)  
  58  5:20  Probe  
  59  5:26  Probe  
  60  5:32  Probe  
  60  5:33  Pylon  
  61  5:38  Probe, Stalker  
  61  5:39  Stalker x2  
  68  5:44  Probe  
  69  5:50  Probe  
  68  6:28  Probe x2  
  68  6:31  Robotics Facility  
  68  6:32  Robotics Facility  
  68  6:40  Probe x2  
  68  6:42  Photon Cannon  
  68  6:45  Photon Cannon  
  68  6:46  Photon Cannon  
  70  6:49  Sentry x2  
  70  6:50  Sentry  
  70  6:52  Probe  
  77  6:58  Protoss Ground Armor Level 1 (Chrono Boost)  
  77  6:59  Probe  
  78  7:14  Probe x2, Gateway  
  80  7:16  Gateway  
  80  7:18  Gateway  
  80  7:30  Nexus  
  80  7:32  Pylon, Stalker x3  
  80  7:34  Pylon  
  86  7:37  Pylon  
  86  7:40  Pylon  
  86  7:43  Pylon  
  86  7:47  Pylon  
  86  7:50  Resonating Glaives, Probe x2  
  86  7:51  Immortal (Chrono Boost)  
  92  7:52  Immortal (Chrono Boost)  
  96  8:02  Probe x2  
  98  8:10  Gateway  
  98  8:14  Probe x2  
  98  8:15  Gateway  
  100  8:21  Phoenix  
  100  8:25  Phoenix  
  100  8:26  Probe x2  
  102  8:31  Pylon  
  102  8:33  Pylon  
  102  8:35  Adept x3  
  102  8:36  Immortal (Chrono Boost)  
  102  8:38  Probe x2  
  118  8:41  Immortal  
  118  9:12  Immortal  
  118  9:21  Warp Prism  
  124  9:28  Adept x5  
  134  9:41  Protoss Ground Weapons Level 2 (Chrono Boost)  
  134  9:49  Observer  
  135  10:11  Assimilator  
  135  10:14  Probe  
  135  10:15  Probe x2  
  135  10:16  Assimilator  
  135  10:20  Photon Cannon  
  138  10:22  Photon Cannon  
  138  10:27  Photon Cannon  
  138  10:29  Photon Cannon  
  138  10:33  Nexus  
  138  10:36  Adept x4, Photon Cannon  
  138  10:37  Adept x3  
  152  10:42  Photon Cannon  
  152  10:59  Adept x6, Observer  
  165  11:35  Robotics Bay  
  165  11:39  Protoss Shields Level 1 (Chrono Boost)  
  165  11:40  Immortal  
  165  11:42  Pylon  
  165  11:43  Pylon  
  165  11:44  Pylon  
  165  11:45  Immortal  
  131  12:24  Adept x5  
  131  12:27  Sentry  
  131  12:28  Sentry  
  145  12:38  Colossus  
  145  12:45  Colossus  
  145  12:50  Extended Thermal Lance (Chrono Boost)  
  156  13:17  Stalker  
  156  13:18  Stalker x6  
  170  13:21  Protoss Ground Armor Level 2 (Chrono Boost)  
  170  13:30  Observer  
  171  13:39  Probe x2  
  171  13:40  Observer  
  174  13:44  Probe x2  
  176  13:51  Probe  
  176  13:52  Assimilator  
  176  13:54  Assimilator  
  177  13:57  Pylon, Gateway  
  177  13:58  Gateway  
  177  13:59  Pylon  
  177  14:01  Pylon  
  177  14:03  Pylon  
  177  14:04  Observer  
  177  14:05  Pylon  
  177  14:07  Observer, Gateway  
  177  14:09  Gateway  
  179  14:10  Pylon  
  179  14:12  Pylon, Gateway  
  179  14:13  Probe x2  
  179  14:14  Probe x2  
  179  14:16  Pylon, Observer Gravitic Boosters (Chrono Boost)  
  183  14:18  Gateway  
  183  14:23  Forge  
  183  14:26  Gateway  
  183  14:42  Immortal  
  183  14:47  Immortal  
  191  15:09  Nexus  
  191  15:12  Assimilator  
  191  15:13  Gravitic Drive  
  194  15:16  Assimilator  
  191  15:21  Pylon  
  191  15:23  Photon Cannon, Protoss Ground Armor Level 3 (Chrono Boost)  
  191  15:24  Pylon  
  191  15:27  Pylon  
  191  15:28  Photon Cannon  
  191  15:32  Pylon  
  191  15:36  Protoss Shields Level 2 (Chrono Boost)  
  191  15:42  Photon Cannon  
  191  15:44  Gateway  
  191  15:45  Photon Cannon, Gateway  
  191  15:47  Gateway  
  191  15:50  Photon Cannon  
  191  15:52  Immortal x2  
  191  15:54  Photon Cannon  
  199  16:01  Charge (Chrono Boost)  
  138  17:06  Gateway  
  138  17:08  Gateway  
  138  17:10  Gateway  
  138  17:14  Gateway  
  138  17:16  Gateway  
  138  17:18  Gateway  
  138  17:26  Nexus  
  138  17:31  Observer x2  
  138  17:37  Nexus  
  140  17:40  Assimilator  
  140  17:42  Assimilator  
  140  17:43  Stargate  
  140  17:44  Stargate  
  140  17:45  Stargate  
  140  17:47  Pylon  
  140  17:48  Zealot x4  
  140  17:49  Protoss Ground Weapons Level 3, Zealot x4  
  140  17:50  Pylon, Zealot x4  
  164  17:59  Pylon  
  164  18:02  Pylon  
  164  18:05  Assimilator  
  164  18:10  Assimilator  
  164  18:11  Zealot x4  
  164  18:12  Zealot x7  
  184  18:13  Zealot  
  184  18:16  Pylon  
  188  18:21  Adept x5  
  198  18:50  Photon Cannon  
  198  18:52  Protoss Shields Level 3  
  198  18:54  Photon Cannon  
  198  18:56  Photon Cannon  
  198  18:59  Photon Cannon  
  198  19:03  Photon Cannon  
  198  19:15  Warp Prism  
  200  19:23  Zealot x2  
  200  19:24  Zealot x5  
  157  19:37  Sentry x6  
  157  19:38  Sentry x5  
  117  19:52  Zealot x5  
  121  19:53  Zealot x6  
  121  19:54  Zealot  
  134  20:02  Zealot x4  
  134  20:03  Zealot x4  
  126  20:21  Stalker x4  
  114  20:22  Stalker x5  
  128  20:29  Probe x3  
  128  20:30  Probe x2  
  133  20:40  Probe  
  133  20:41  Probe  
  135  20:43  Probe  
  136  20:51  Stargate  
  136  20:55  Templar Archives  
  136  20:57  Dark Shrine  
  136  21:00  Pylon  
  136  21:01  Phoenix x3  
  142  21:10  Sentry x5  
  142  21:11  Sentry x2  
  154  21:35  Warp Prism  
  156  22:00  Fleet Beacon  
  156  22:01  Void Ray x3  
  160  22:02  Void Ray  
  172  22:24  Zealot x4  
  172  22:25  Zealot x5  
  172  22:26  Zealot x5  
  194  23:24  High Templar  
  194  23:25  High Templar x2  
  200  23:32  Gateway  
  200  23:35  Pylon  
  200  23:38  Pylon  
  199  23:55  Zealot x3  
  194  24:15  Zealot x2  
  194  24:16  Zealot x6  
  196  24:17  Zealot x2  
  190  24:29  Void Ray x4 (Chrono Boost)  
  194  24:36  Adept  
  194  24:37  Adept x2  
  200  24:51  Adept x3  
  198  25:08  Pylon  
  198  25:11  Zealot  
  196  25:23  Adept x2  
  194  25:30  Adept x3  
  196  25:45  Adept x2  
  200  25:53  Adept x3  
  190  26:11  Adept x3  
  190  26:12  Adept x3  
  187  26:29  Adept x6  
  187  26:30  Adept x5  
  199  26:45  Adept x4  
  185  26:53  Protoss Air Weapons Level 1 (Chrono Boost)  
  185  26:58  Zealot x2  
  185  26:59  Zealot x5  
  185  27:00  Zealot x4  
  193  27:17  Zealot x5  
  193  27:18  Zealot x4  
  193  27:19  Zealot x2  
  199  27:24  Probe  
  182  28:08  Stalker x3  
  182  28:09  Stalker x2  
  182  28:10  Stalker x3  
  198  28:15  High Templar  
  200  28:35  Observer, Protoss Air Armor Level 1 (Chrono Boost)  
  131  28:53  Zealot x4  
  131  28:54  Zealot x6  
  131  28:55  Zealot x4  
  82  29:41  High Templar x2  
  82  29:42  High Templar x7  
  82  29:43  High Templar x6  
  82  29:44  High Templar x3  
  118  29:46  Archon x2  
  118  29:47  Archon x5  
  118  29:48  Archon x2  
  118  29:50  Archon  
  118  30:16  High Templar  
  118  30:17  High Templar x5  
  118  30:18  High Templar x4  
  118  30:19  High Templar  
  118  30:21  Archon x3  
  140  30:22  Archon x2  
  102  31:17  High Templar x4  
  102  31:18  High Templar x7  
  118  31:19  High Templar x5  
  118  31:21  Archon x3  
  118  31:22  Archon x2  
  118  31:23  Archon x2  
  118  31:24  Archon  
  134  31:36  Observer  
  134  31:37  Observer  
  136  32:14  High Templar x4  
  136  32:15  High Templar x6  
  152  32:16  High Templar x6  
  152  32:17  High Templar x3  
  152  32:19  Archon x4  
  152  32:20  Archon x3  
  152  32:21  Archon x2  
  174  32:25  Archon  
  173  33:06  High Templar  
  175  33:14  Assimilator  
  151  33:53  High Templar x2  
  151  33:54  Zealot x3  
  151  33:55  Zealot x5  
  163  33:56  Zealot x5  
  163  33:57  Zealot x2  
  179  34:47  Warp Prism (Chrono Boost)  
  181  34:54  Carrier  
  181  35:02  Carrier  
  193  35:22  Warp Prism (Chrono Boost)  
  193  35:24  Probe (Chrono Boost)  
  133  36:57  Nexus  
  133  36:59  Assimilator  
  133  37:01  Carrier x2  
  133  37:03  Assimilator  
  133  37:05  Pylon  
  133  37:08  Pylon  
  147  37:30  Mothership Core (Chrono Boost)  
  147  37:53  Psionic Storm  
  147  37:59  Nexus  
  147  38:02  Assimilator  
  147  38:04  Assimilator  
  147  38:07  Pylon  
  147  38:09  Pylon  
  146  38:43  Protoss Air Weapons Level 2 (Chrono Boost)  
  146  39:08  Carrier  
  152  40:16  Carrier  
  160  40:44  Protoss Air Armor Level 2 (Chrono Boost)  
  160  40:53  Pylon  
  160  40:57  Pylon  
  160  41:06  Nexus  
  160  41:11  Carrier  
  160  41:16  Observer  
  167  41:38  Carrier  
  173  42:11  Probe x3  
  173  42:12  Probe  
  177  42:36  Zealot  
  179  42:43  Protoss Air Weapons Level 3 (Chrono Boost)  
  179  42:59  Carrier  
  185  43:16  Zealot  
  185  43:39  Zealot x5  
  195  43:49  Probe x3  
  188  44:21  Pylon  
  188  44:25  Zealot  
  188  44:26  Zealot x5  
  200  45:00  Protoss Air Armor Level 3 (Chrono Boost)  
  189  46:26  Carrier  
  189  46:39  Mothership Core  
  169  47:49  Carrier x3  
  169  48:00  Carrier  
  199  48:45  Observer  
  200  51:55  Assimilator  
  200  52:00  Assimilator  
  200  52:58  Observer  
  199  56:50  Nexus  
  199  56:51  Pylon  
  199  56:54  Assimilator  
  199  56:57  Assimilator  
  190  59:19  Adept x2  
  190  59:20  Adept x3  
  198  59:24  High Templar  
  199  59:37  High Templar  
  198  59:52  Adept x2  
  188  59:53  Adept  
  188  59:55  High Templar  
  186  60:18  High Templar  
  186  60:19  High Templar x4  
  192  60:22  Archon x2  
  192  60:23  Archon x2  
  188  60:53  High Templar x2  
  188  60:54  High Templar x4  
  199  60:57  Archon  
  199  60:58  Archon  
  199  60:59  Archon  
  160  61:47  High Templar x3  
  160  61:48  High Templar x4  
  160  61:51  Archon x2  
  160  61:52  Archon  
Show
View Real Time Build Order
Export as new Build Order

shankpotamus Terran - Winner!

Build Orders: Command Center First (CC) 

Get SALT Encoding   

  12  0:02  SCV  
  13  0:14  SCV  
  13  0:19  Supply Depot  
  14  0:27  SCV  
  15  0:40  SCV  
  16  0:53  SCV  
  17  1:02  Command Center  
  17  1:05  SCV  
  18  1:15  Barracks  
  18  1:18  SCV  
  19  1:27  Refinery  
  19  1:30  SCV  
  20  1:42  Refinery  
  20  1:43  SCV  
  21  2:03  Orbital Command  
  21  2:21  Command Center  
  21  2:25  Bunker  
  21  2:28  SCV  
  22  2:35  Marine  
  23  2:42  Orbital Command  
  23  2:46  SCV  
  24  2:56  Marine  
  25  3:06  SCV  
  25  3:08  Factory  
  26  3:15  SCV  
  27  3:21  SCV  
  27  3:26  Marine, Barracks  
  29  3:30  SCV  
  29  3:34  SCV  
  31  3:46  SCV  
  32  3:49  Marine, SCV  
  32  3:50  Barracks  
  32  3:51  Barracks  
  34  3:57  Bunker  
  34  3:58  Factory Tech Lab  
  34  4:02  SCV x2, Engineering Bay  
  36  4:14  SCV, Factory  
  36  4:16  Orbital Command  
  37  4:18  SCV  
  38  4:24  Marine  
  38  4:25  Marine  
  38  4:28  SCV  
  41  4:31  Terran Infantry Weapons Level 1  
  41  4:37  Siege Tank, Missile Turret  
  41  4:38  Marine  
  45  4:42  SCV x2  
  45  4:44  SCV  
  48  4:54  SCV  
  48  4:56  Missile Turret  
  48  4:59  Factory Tech Lab  
  49  5:01  Starport  
  49  5:04  Marine x2  
  49  5:05  Marine  
  52  5:09  SCV, Refinery  
  53  5:15  Supply Depot  
  53  5:19  Supply Depot  
  53  5:21  Siege Tank, SCV  
  53  5:26  SCV x2  
  53  5:27  Refinery  
  59  5:32  Refinery  
  59  5:34  SCV  
  60  5:37  Siege Tank  
  60  5:38  SCV x2, Barracks Tech Lab  
  60  5:39  Barracks Reactor  
  60  5:41  Barracks Reactor  
  65  5:46  SCV  
  65  5:47  Supply Depot  
  66  5:50  SCV, Supply Depot  
  66  5:51  SCV  
  68  5:58  SCV  
  68  6:14  Marine  
  68  6:15  Marine  
  70  6:19  Marine x4  
  70  6:20  SCV  
  75  6:25  Starport Tech Lab  
  75  6:30  Siege Tank x2  
  75  6:31  SCV x2  
  75  6:32  SCV  
  84  6:38  Missile Turret  
  84  6:39  Missile Turret  
  84  6:43  SCV  
  85  6:50  Engineering Bay  
  85  6:52  Barracks  
  85  6:53  Armory  
  85  6:54  Barracks  
  85  6:56  Supply Depot, Barracks  
  85  6:57  Stimpack, Marine x4  
  89  7:07  Missile Turret  
  89  7:09  SCV x3, Missile Turret  
  89  7:14  Banshee, Cloaking Field  
  95  7:22  Ghost Academy  
  95  7:24  Terran Infantry Armor Level 1  
  95  7:45  Barracks Tech Lab  
  95  7:46  Barracks Tech Lab x3  
  95  7:51  Terran Vehicle Weapons Level 1  
  95  7:52  Terran Infantry Weapons Level 2  
  95  8:00  SCV x3  
  98  8:07  Refinery  
  98  8:09  Command Center  
  98  8:12  Ghost  
  100  8:15  SCV  
  101  8:39  Thor  
  107  8:43  Ghost  
  109  9:20  Marine x6, Banshee  
  109  9:23  Starport  
  118  9:24  Starport  
  118  9:27  Personal Cloaking  
  118  9:36  SCV x3  
  122  9:48  Orbital Command, SCV x2  
  123  9:54  Command Center  
  123  10:03  SCV, Refinery x2  
  124  10:31  Starport Reactor  
  124  10:35  Starport Reactor  
  124  10:37  Missile Turret  
  124  10:38  Missile Turret  
  124  10:41  Missile Turret  
  124  11:05  Ghost x3  
  124  11:06  Marine x4, SCV x4  
  124  11:08  Planetary Fortress  
  139  11:18  SCV  
  139  11:35  Sensor Tower  
  139  11:55  Marine  
  139  11:56  Marine, SCV x2, Ghost  
  139  11:57  Marine x4, Ghost  
  139  11:58  Viking, Ghost  
  139  11:59  Thor  
  133  12:06  Widow Mine  
  134  12:09  SCV  
  134  12:13  Marine  
  134  12:14  Marine x2  
  134  12:15  Marine x3  
  136  12:25  Marine  
  136  12:26  Marine  
  136  12:27  Marine  
  139  13:26  Command Center  
  139  13:35  Command Center  
  139  13:57  Ghost  
  139  13:58  Marine x2, Viking x2  
  147  14:04  Supply Depot  
  147  14:05  Supply Depot x2  
  147  14:06  Orbital Command  
  147  14:19  Factory Tech Lab  
  147  14:25  Marine x3, SCV x3, Ghost  
  147  14:26  Marine, Siege Tank, Viking x2, Ghost x2  
  147  14:27  Marine, SCV, Viking  
  171  14:37  Viking, Ghost  
  171  14:38  SCV  
  176  14:43  Marine, Ghost  
  176  14:44  Marine x2  
  181  14:53  Siege Tank  
  181  14:56  Viking  
  181  14:57  SCV x4  
  181  14:58  Siege Tank, SCV x2  
  196  15:03  Planetary Fortress  
  196  15:06  Command Center  
  195  15:09  SCV x3  
  195  15:10  Planetary Fortress  
  198  15:17  Marine x2  
  200  15:34  Command Center  
  200  15:41  Sensor Tower  
  200  16:00  Starport  
  200  16:01  Starport  
  200  16:02  Starport  
  200  16:18  Factory x3  
  200  16:19  Factory  
  141  17:00  Siege Tank x2  
  141  17:01  Marine x5  
  144  17:02  Marine x4  
  153  17:10  Planetary Fortress  
  153  17:15  Command Center  
  153  17:17  Factory Tech Lab  
  153  17:18  Factory Tech Lab x2  
  153  17:19  Marine x4  
  157  17:26  Planetary Fortress  
  157  17:32  Siege Tank, Widow Mine  
  157  17:36  Command Center  
  162  17:39  Marine x2  
  164  17:48  Marine  
  164  17:49  Marine  
  166  18:00  Widow Mine  
  166  18:01  Marine x3  
  166  18:02  Ghost x4  
  166  18:04  Siege Tank  
  179  18:06  Marine x2  
  181  18:15  SCV x2  
  181  18:19  Ghost  
  185  18:20  Starport Reactor x2  
  185  18:23  SCV  
  185  18:27  Starport Reactor  
  186  18:29  Siege Tank  
  186  18:30  Ghost x2  
  193  18:36  Siege Tank  
  193  18:39  Marine  
  193  18:40  Marine x3  
  142  19:56  Marine x3  
  142  19:58  Siege Tank x2  
  151  20:05  Marine x3  
  151  20:06  Marine  
  107  20:22  Marine x2  
  107  20:23  Marine  
  107  20:28  Marine x4, Ghost x2  
  108  20:30  Siege Tank, Planetary Fortress  
  105  20:41  SCV  
  107  20:43  Planetary Fortress  
  107  20:45  Ghost  
  107  20:46  Ghost x2  
  107  20:48  Refinery x2  
  112  20:52  Siege Tank x3  
  112  20:53  Siege Tank  
  123  20:57  Ghost x2  
  123  21:01  Marine x4  
  123  21:02  Siege Tank  
  133  21:04  Viking  
  133  21:07  SCV x2  
  137  21:12  Refinery  
  137  21:14  Refinery, Ghost x3  
  145  21:18  Marine x2  
  145  21:19  Marine, Factory Tech Lab  
  145  21:24  Siege Tank x2  
  145  21:25  Siege Tank x2, Ghost x2  
  158  21:27  Command Center  
  162  21:34  Siege Tank  
  162  21:37  Viking x2  
  162  21:38  Viking x3  
  175  21:42  Ghost  
  177  21:49  Siege Tank  
  180  21:56  Siege Tank  
  183  22:07  Viking x2  
  183  22:08  Viking x2  
  191  22:09  Siege Tank  
  191  22:10  Siege Tank  
  197  22:17  Ghost  
  199  22:31  Marine  
  198  23:44  Viking  
  200  24:00  Planetary Fortress  
  200  24:14  Command Center  
  200  24:16  Command Center x2  
  200  24:18  Command Center  
  194  24:36  Viking x3  
  200  24:41  Missile Turret  
  200  24:42  Missile Turret  
  200  24:44  Missile Turret  
  200  24:48  Missile Turret  
  200  24:49  Missile Turret  
  200  24:50  Missile Turret  
  197  24:54  Viking  
  199  25:22  Missile Turret  
  199  25:37  Missile Turret  
  191  26:06  Siege Tank x3  
  200  26:15  Planetary Fortress x2  
  200  26:16  Planetary Fortress x2  
  200  26:19  Missile Turret  
  200  26:20  Missile Turret x2  
  200  26:25  Missile Turret  
  197  26:44  Ghost x4  
  197  26:45  Ghost  
  197  26:47  Viking  
  188  27:07  Viking x2  
  192  27:09  Siege Tank  
  192  27:12  Ghost  
  192  27:13  Ghost  
  188  27:43  Ghost  
  188  27:44  Ghost x4  
  185  27:47  Siege Tank x2  
  198  27:51  Marine  
  198  27:52  Marine  
  200  28:17  Command Center  
  200  28:19  Command Center x2  
  200  28:20  Command Center  
  200  28:24  Missile Turret  
  129  28:50  Ghost x3  
  134  28:57  Missile Turret  
  134  29:11  Missile Turret  
  134  29:14  Viking, Missile Turret  
  134  29:15  Viking, Missile Turret  
  138  29:23  Refinery  
  121  29:39  Viking x2  
  125  29:48  Missile Turret  
  125  29:49  Missile Turret x2  
  125  30:10  Thor  
  125  30:13  Marine x4  
  125  30:14  Marine x5  
  136  30:21  Missile Turret  
  140  30:24  Missile Turret  
  140  30:31  Marine x5  
  140  30:32  Marine x4  
  140  30:35  Widow Mine x3  
  149  30:36  Widow Mine x2  
  159  30:49  Marine x4  
  157  30:53  Widow Mine  
  110  31:14  Planetary Fortress  
  110  31:25  Orbital Command  
  110  31:33  Planetary Fortress  
  110  31:41  Planetary Fortress  
  110  31:49  Viking x3  
  110  31:50  Viking  
  118  32:01  Missile Turret  
  118  32:25  Viking x3  
  118  32:26  Viking x4  
  118  32:27  Marine x5  
  118  32:28  Marine x2  
  139  32:32  Refinery x2  
  139  32:42  Planetary Fortress  
  139  33:06  Refinery  
  116  33:53  Thor x3  
  116  33:54  Widow Mine  
  136  33:55  Marine x2  
  136  33:56  Marine x6  
  136  33:57  Marine  
  143  34:08  SCV  
  144  34:13  Marine x3  
  144  34:14  Marine x6  
  144  34:16  Missile Turret  
  153  34:31  Marine x2, Ghost x2  
  153  34:32  Siege Tank  
  162  34:38  Thor  
  162  34:41  SCV x4  
  172  34:52  Terran Infantry Armor Level 2  
  173  35:00  SCV  
  173  35:15  Sensor Tower  
  173  35:16  SCV x4  
  173  35:20  Missile Turret x2  
  177  35:25  Missile Turret x2  
  177  35:32  Command Center  
  175  35:57  Missile Turret  
  175  36:02  Missile Turret  
  175  36:05  Missile Turret  
  116  36:31  Marine x5  
  108  36:36  Thor  
  113  36:42  Marine  
  113  36:43  Marine x3  
  110  36:54  Marine  
  110  37:08  Marine  
  111  37:37  Marine x4  
  111  37:44  Marine  
  116  37:54  Planetary Fortress  
  116  38:42  Viking x2  
  116  38:43  Viking x2  
  124  38:49  Orbital Command  
  124  39:00  Viking x2  
  128  39:12  Missile Turret  
  128  39:14  Missile Turret  
  128  39:19  SCV  
  129  39:42  Viking  
  129  39:43  Viking x2  
  135  39:50  SCV x3  
  138  40:03  Ghost  
  140  40:13  Refinery x2  
  140  40:33  Viking x5  
  150  40:35  Marine  
  150  40:36  Marine  
  152  40:46  Widow Mine x3  
  152  40:47  Widow Mine  
  160  40:54  Missile Turret  
  160  41:01  SCV x2  
  160  41:02  SCV x2  
  164  41:07  Medivac x2  
  168  41:12  Medivac  
  170  41:26  Viking  
  170  41:27  Viking x2  
  176  41:33  SCV  
  176  41:39  Viking  
  179  41:40  Viking  
  181  41:55  Missile Turret  
  181  41:56  Missile Turret  
  181  42:00  Missile Turret  
  181  42:02  Missile Turret  
  181  42:12  Thor  
  187  42:31  Thor  
  192  42:49  Missile Turret x2  
  192  42:51  Missile Turret  
  192  42:53  Missile Turret  
  192  43:15  Terran Ship Weapons Level 1  
  192  43:23  Viking x3  
  198  43:45  Terran Infantry Weapons Level 3  
  198  43:52  Hi-Sec Auto Tracking  
  192  44:06  Thor  
  197  44:17  Widow Mine  
  197  44:21  Orbital Command  
  199  45:10  Marine  
  140  46:25  Thor  
  140  46:26  Thor  
  140  46:28  Widow Mine x2  
  162  46:39  Widow Mine  
  164  46:49  Missile Turret  
  164  46:50  Missile Turret  
  164  46:53  Missile Turret x2  
  164  46:54  Missile Turret  
  164  46:56  Widow Mine, Missile Turret  
  164  46:57  Missile Turret x2  
  132  47:39  Widow Mine  
  132  47:40  Widow Mine x3  
  118  48:06  Engineering Bay  
  118  48:08  Widow Mine x4  
  118  48:46  Widow Mine x4  
  126  48:54  Missile Turret  
  126  48:55  Missile Turret  
  126  48:57  Missile Turret  
  126  48:59  Missile Turret  
  126  49:02  Missile Turret  
  126  49:05  Missile Turret x2  
  126  49:07  Missile Turret  
  126  49:11  Missile Turret  
  126  49:14  Widow Mine  
  126  49:15  Widow Mine x3  
  126  49:16  Missile Turret  
  134  49:39  Missile Turret  
  134  49:41  Missile Turret  
  134  49:42  Missile Turret  
  134  49:43  Widow Mine x4  
  134  49:44  Missile Turret  
  134  49:45  Missile Turret  
  142  49:47  Missile Turret  
  142  49:55  Missile Turret  
  142  50:11  Widow Mine  
  142  50:12  Widow Mine  
  126  50:40  Widow Mine x4  
  131  50:50  Missile Turret  
  129  51:24  Orbital Command  
  125  52:00  Widow Mine  
  127  52:12  Widow Mine x2  
  131  52:21  Widow Mine  
  133  52:29  Widow Mine  
  135  52:41  Widow Mine  
  129  53:10  Widow Mine x2  
  125  53:33  Widow Mine  
  127  54:06  Widow Mine  
  121  59:56  Command Center  
Tags
 
Add a new tag
Caveats
  • Supply blocks, unpowered buildings, or Contaminate may cause inaccurate times.
  • Supply counts are checked every 10 seconds.